Map: Ultralove

Players

VITRyung (Ryung)

  • Race: Terran Terran
  • Spawn Location: 7:00

Dark - Winner!

  • Race: Zerg Zerg
  • Spawn Location: 1:00

VOD

Have the link to the VOD?

Description

Time

  • Played on: April 9, 2025, 9:09 a.m.
  • Length: 5:05
Show
View Real Time Build Order
Export as new Build Order

VITRyung Terran 

Build Orders: Liberator Opening 

Get SALT Encoding   

  12  0:00  SCV  
  13  0:12  SCV  
  14  0:17  Supply Depot  
  14  0:24  SCV  
  15  0:38  SCV  
  15  0:40  Barracks  
  16  0:44  Refinery  
  16  0:50  SCV  
  17  1:02  SCV  
  18  1:15  SCV  
  19  1:26  Marine  
  19  1:27  Orbital Command  
  20  1:37  Command Center  
  20  1:48  Factory  
  20  1:52  SCV  
  21  2:03  Barracks Reactor  
  21  2:05  SCV  
  21  2:07  Supply Depot  
  22  2:10  Refinery  
  22  2:17  SCV  
  23  2:29  SCV  
  24  2:38  Starport  
  24  2:43  Hellion x2  
  29  2:44  SCV  
  29  2:48  Marine  
  29  2:49  Orbital Command  
  30  2:56  SCV  
  31  3:04  Hellion  
  33  3:06  Hellion, Marine  
  36  3:13  Medivac  
  36  3:19  Armory  
  38  3:24  Marine  
  38  3:26  Hellion  
  41  3:30  Hellion  
  43  3:45  Liberator  
  46  4:05  Hellion x2  
  46  4:07  Supply Depot  
  50  4:14  Supply Depot  
  50  4:26  Hellion x2  
  54  4:33  Starport Tech Lab  
  48  4:49  SCV x2  
Show
View Real Time Build Order
Export as new Build Order

Dark Zerg - Winner!

Build Orders: Hatch First 

Get SALT Encoding   

  12  0:00  Drone  
  13  0:12  Overlord  
  13  0:17  Drone  
  14  0:30  Drone x2  
  16  0:47  Hatchery  
  16  0:49  Drone  
  16  0:52  Drone  
  16  0:56  Drone  
  18  1:06  Extractor  
  17  1:11  Spawning Pool  
  17  1:14  Drone  
  17  1:18  Drone  
  18  1:28  Drone  
  19  1:38  Drone  
  20  1:49  Drone  
  21  2:00  Queen x2  
  21  2:01  Zergling x4  
  27  2:08  Metabolic Boost  
  27  2:11  Overlord  
  27  2:14  Drone  
  28  2:27  Hatchery  
  27  2:30  Drone  
  27  2:31  Drone  
  27  2:35  Drone  
  30  2:38  Drone  
  31  2:45  Queen  
  31  2:49  Overlord  
  32  3:02  Drone x3  
  35  3:08  Zergling x4  
  35  3:09  Drone x3  
  40  3:13  Overlord  
  40  3:15  Drone  
  41  3:21  Overlord  
  41  3:24  Queen  
  43  3:35  Drone x3  
  43  3:39  Drone x4  
  50  3:42  Queen  
  52  3:51  Drone x4  
  56  3:59  Queen  
  58  4:04  Zergling x4  
  58  4:09  Zergling x10  
  65  4:14  Spine Crawler  
  65  4:15  Zergling x2  
  65  4:18  Spine Crawler  
  65  4:19  Spine Crawler  
  63  4:29  Zergling x10  
  64  4:34  Zergling x2  
  64  4:35  Zergling x10  
  58  4:45  Zergling x6  
Tags
 
Add a new tag
Caveats
  • Supply blocks, unpowered buildings, or Contaminate may cause inaccurate times.
  • Supply counts are checked every 10 seconds.